 Dungeon Crawl Stone Soup version 0.29.0-5-ge4962eb29e (webtiles) character file.

Game seed: 17863549077081647862

39 greasedhog the Skirmisher (level 3, -1/31 HPs)
             Began as a Gnoll Hunter on Aug 29, 2022.
             Slain by a water moccasin (8 damage)
             ... on level 2 of the Dungeon.
             The game lasted 00:01:54 (927 turns).

greasedhog the Skirmisher (Gnoll Hunter)             Turns: 927, Time: 00:01:54

Health: -1/31      AC:  4    Str: 10    XL:     3   Next: 45%
Magic:  4/4        EV: 13    Int:  8    God:
Gold:   94         SH:  0    Dex: 17    Spells: 1/3 levels left

rFire   . . .      SeeInvis .   a - +1 shortbow
rCold   + . .      Faith    .   (shield currently unavailable)
rNeg    . . .      Spirit   .   c - +0 leather armour
rPois   .          Reflect  .   (no helmet)
rElec   .          Harm     .   (no cloak)
rCorr   .          Rampage  .   (no gloves)
Will    .....                   l - +0 pair of boots
Stlth   ++........              (no amulet)
HPRegen 0.10/turn               i - ring of protection from cold
MPRegen 0.09/turn               (no ring)

@: no status effects
A: fangs 1, strong nose, distributed training
a: no special abilities


You were on level 2 of the Dungeon.
You visited 1 branch of the dungeon, and saw 3 of its levels.

You collected 94 gold pieces.

Inventory:

Hand Weapons
 a - a +1 shortbow (weapon)
 f - a +0 great sword
Armour
 c - a +0 leather armour (worn)
 l - a +0 pair of boots (worn)
Jewellery
 i - a ring of protection from cold (left hand)
 m - a ring of ice
Wands
 n - a wand of roots (7)
Scrolls
 b - a scroll of immolation
 g - 2 scrolls of enchant weapon
 k - 2 scrolls of enchant armour
 r - a scroll of fear {unknown}
Potions
 e - a potion of cancellation {unknown}
 h - a potion of haste {unknown}
 j - a potion of brilliance {unknown}
 o - a potion of might {unknown}
 p - a potion of heal wounds {unknown}
 q - a potion of lignification {unknown}


   Skills:
 + Level 4.5 Fighting
 + Level 0.9 Short Blades
 + Level 0.9 Long Blades
 + Level 0.9 Axes
 + Level 0.9 Maces & Flails
 + Level 0.9 Polearms
 + Level 0.9 Staves
 + Level 8.5 Ranged Weapons
 + Level 0.9 Throwing
 + Level 0.9 Armour
 + Level 4.5 Dodging
 + Level 2.4 Stealth
 + Level 0.9 Shields
 + Level 0.9 Unarmed Combat
 + Level 0.9 Spellcasting
 + Level 0.6 Conjurations
 + Level 0.6 Hexes
 + Level 0.6 Summonings
 + Level 0.6 Necromancy
 + Level 0.6 Translocations
 + Level 0.6 Transmutations
 + Level 0.6 Fire Magic
 + Level 0.6 Ice Magic
 + Level 0.6 Air Magic
 + Level 0.6 Earth Magic
 + Level 0.6 Poison Magic
 + Level 1.0 Invocations
 + Level 0.9 Evocations


You had one spell level left.
You knew the following spells:

 Your Spells              Type           Power      Damage    Failure   Level
a - Wereblood             Tmut           1%         N/A       54%         2

Your spell library contained the following spells:

 Spells                   Type           Power      Damage    Failure   Level
 Ensorcelled Hibernation  Hex/Ice        2%         N/A       54%         2
 Sublimation of Blood     Necr           1%         N/A       54%         2
 Spider Form              Tmut/Pois      1%         N/A       77%         3
 Anguish                  Hex/Necr       0%         N/A       99%         4
 Summon Hydra             Summ           0%         N/A       100%        7


Dungeon Overview and Level Annotations

Branches:
Dungeon (3/15)

Altars:
Fedhas

Annotations:
D:3 Sigmund


Innate Abilities, Weirdness & Mutations

You have very sharp teeth.
Your uncanny sense of smell can sniff out nearby items.
Your experience applies equally to all skills.


Message History

The water moccasin attacks as you move away!
The water moccasin misses you.
The water moccasin attacks as you move away!
The water moccasin completely misses you.
The water moccasin bites you but does no damage.
There is a stone staircase leading up here.
The water moccasin completely misses you.
Something hits you.
You climb upwards.
Reactivating autopickup.
There is a stone staircase leading down here.
You shoot an arrow. The arrow hits the water moccasin!
The water moccasin is heavily wounded.
The water moccasin bites you.
You are poisoned.
The water moccasin poisons you!
The water moccasin bites you but does no damage.
You shoot an arrow. The arrow misses the water moccasin.
You feel very sick. The water moccasin barely misses you.
You shoot an arrow.
The arrow closely misses the water moccasin.
You feel very sick.
The water moccasin bites you but does no damage. x2
You shoot an arrow.
The arrow closely misses the water moccasin.
You feel very sick. The water moccasin bites you.
Fire: a) +1 shortbow
Press: ? - help, Q - select action, (/) - cycle Shift-Dir - straight line, f/p - water moccasin
Aim: a water moccasin (heavily wounded, 52% to hit)
You shoot an arrow.
The arrow closely misses the water moccasin.
You feel sick. The water moccasin bites you!
* * * LOW HITPOINT WARNING * * *
You are more poisoned.
The water moccasin poisons you!
The water moccasin bites you but does no damage.
You feel better. The water moccasin bites you!
You die...

#.........# #.........#
#.........# ######
#.........## #....#
#..........# #....#
#..........###### #....#
#####<####......## ###.....
#.###........#####.....†#
#.##....@............##.#
#.##.....S........##.#...
#.##..........##.........
#..............#.........
#..#.....................
#####.........##.........
#..........##......<..
######..........##.........
#..##...........##.........


You could see a water moccasin.

Vanquished Creatures
  A gnoll (D:1)
  2 dart slugs (D:1)
  2 endoplasms
  A giant cockroach (D:2)
  3 hobgoblins (D:2)
  3 jackals (D:1)
  2 quokkas
  4 ball pythons
  4 frilled lizards
  3 kobolds
  A rat (D:1)
26 creatures vanquished.

Notes
Turn   | Place    | Note
-------+----------+-------------------------------------------
     0 | D:1      | greasedhog the Gnoll Hunter began the quest for the Orb.
     0 | D:1      | Reached XP level 1. HP: 20/20 MP: 1/1
    47 | D:1      | Reached XP level 2. HP: 26/26 MP: 2/2
   348 | D:1      | Learned a level 2 spell: Wereblood
   350 | D:1      | Reached XP level 3. HP: 31/31 MP: 3/3
   652 | D:2      | Reached skill level 1 in Invocations
   679 | D:2      | Found a faded altar of an unknown god.
   837 | D:3      | Found a blossoming altar of Fedhas.
   911 | D:3      | Noticed a water moccasin
   912 | D:3      | Noticed Sigmund
   927 | D:2      | Slain by a water moccasin

Illustrated notes

Levels and vault maps discovered:
D:1:      nzn_arrival_depleted_hourglass, layout_rooms
D:2:      layout_rooms, basic_ecumenical_altar, chequers_serial_rivers_large_a,
          hangedman_decor_lopped
D:3:      layout_rooms, lemuel_round_altar, old_standard_altar,
          fedhas_altar_fruit_tree, uniq_sigmund

Skill      XL: |  1  2  3 |
---------------+----------+-----
Invocations    | 1 |  1.0
Fighting       | |  4.5
Short Blades   | |  0.9
Long Blades    | |  0.9
Axes           | |  0.9
Maces & Flails | |  0.9
Polearms       | |  0.9
Staves         | |  0.9
Ranged Weapons | |  8.5
Throwing       | |  0.9
Armour         | |  0.9
Dodging        | |  4.5
Stealth        | |  2.4
Shields        | |  0.9
Unarmed Combat | |  0.9
Spellcasting   | |  0.9
Conjurations   | |  0.6
Hexes          | |  0.6
Summonings     | |  0.6
Necromancy     | |  0.6
Translocations | |  0.6
Transmutations | |  0.6
Fire Magic     | |  0.6
Ice Magic      | |  0.6
Air Magic      | |  0.6
Earth Magic    | |  0.6
Poison Magic   | |  0.6
Evocations     | |  0.9

Action                   || total
-------------------------++-------
 Fire: Shortbow          ||    65
  Use: Scroll            ||     4
       Potion            ||     1
Armor: Leather armour    ||    13
Dodge: Dodged            ||    14
